 Dungeon Crawl Stone Soup version 0.23.2-30-g0e89c35 (webtiles) character file.

Game seed: 3309134671618752975

2634 Fang the Skirmisher (level 9, -5/87 HPs)
             Began as a Gargoyle Berserker on June 7, 2019.
             Was a Priest of Trog.
             Killed by the air
             ... invoked by Gastronok
              (33 damage)
             ... on level 8 of the Dungeon.
             The game lasted 00:06:52 (6140 turns).

Fang the Skirmisher (Gargoyle Berserker)            Turns: 6140, Time: 00:06:53

Health: -5/87      AC: 26    Str: 30    XL:     9   Next: 61%
Magic:  9/9        EV: 10    Int:  7    God:    Trog [***...]
Gold:   477        SH:  0    Dex:  9    Spells: 8/8 levels left

rFire    . . .     SeeInvis .   a - +1 war axe
rCold    . . .     Gourm    .   (no shield)
rNeg     + . .     Faith    .   b - +2 plate armour rPois โˆž Spirit .
                                (no helmet)
rElec    +         Reflect  .   (no cloak)
rCorr    .         Harm     .   (no gloves)
MR       .....                  (no boots)
Stlth    ..........             (no amulet)
HPRegen  0.24/turn              z - +5 ring of protection
MPRegen  0.11/turn              (no ring)

@: berserking, very quick
A: negative energy resistance 1, electricity resistance, unbreathing,
petrification resistance, rot immunity, AC +6
a: Berserk, Trog's Hand, Renounce Religion


You were on level 8 of the Dungeon.
You worshipped Trog.
Trog was most pleased with you.
You were very hungry.

You visited 2 branches of the dungeon, and saw 9 of its levels.

You collected 477 gold pieces.

Inventory:

Hand Weapons
 a - a +1 war axe (weapon)
Armour
 b - a +2 plate armour (worn)
Jewellery
 d - a +3 ring of dexterity
 z - a +5 ring of protection (left hand)
Wands
 w - a wand of acid (11)
 B - a wand of disintegration (14)
 E - a wand of paralysis (19)
 H - a wand of iceblast (9)
Scrolls
 g - a scroll of remove curse
 j - a scroll of magic mapping
 t - 2 scrolls of teleportation
Potions
 h - 2 potions of might
 k - a potion of haste
 m - a potion of curing
 n - 6 potions of agility {unknown}
 p - a potion of cancellation {unknown}
 q - a potion of heal wounds {unknown}
 r - 3 potions of degeneration {unknown}
 v - a potion of magic {unknown}
 A - 2 potions of flight {unknown}
 D - 3 potions of ambrosia {unknown}
 G - a potion of mutation {unknown}
Comestibles
 c - 16 rations
 f - 3 chunks of flesh


   Skills:
 + Level 7.7 Fighting
 + Level 6.4 Axes
 + Level 7.3 Armour
 + Level 5.5 Dodging


You had 8 spell levels left.
You didn't know any spells.
Your spell library was empty.

Dungeon Overview and Level Annotations

Branches:
Dungeon (8/15)             Temple (1/1) D:4
   Lair: D:8-11

Altars:
Ashenzari
Dithmenos
Elyvilon
Fedhas
Hepliaklqana
Makhleb
Qazlal
Ru
Wu Jian

Shops:
D:5 ?   D:7 *

Annotations:
D:8 Gastronok


Innate Abilities, Weirdness & Mutations

You are resistant to torment.
Your stone body is resilient. (AC +6)
You are immune to poison.
You resist negative energy. (rN+)
You are resistant to electric shocks. (rElec)
You can survive without breathing.
You are immune to petrification.
You are immune to rotting.


Message History

You are too injured to fight recklessly!
You are too injured to fight recklessly!
You are too injured to fight recklessly!
You are too injured to fight recklessly!
You are too injured to fight recklessly!
You are too injured to fight recklessly!
You are too injured to fight recklessly!
You are too injured to fight recklessly!
You are too injured to fight recklessly!
A red film seems to cover your vision as you go berserk!
You feel yourself moving faster!
You feel mighty!
You are feeling very hungry.
The bullfrog skeleton hits you. The crimson imp barely misses you.
You slash Gastronok!
Gastronok is moderately wounded.
You hit the crimson imp. You slash the bullfrog skeleton!
The bullfrog skeleton hits you but does no damage.
Gastronok waves his eye-stalks in wide circles.
The air twists around and strikes you!
You die...

#####..###.##.. ...
#..# ##.# ###.###.####
#.# #.## #..#
#....##.##.###.# #.#
##.###
#..........#....
#.####.....
#.....#....#.#.#
#....'.....
#...#.######.#.# #
######...รท.
#...#........#.#.#
#.....[....
#...#>##...##....#
#.####.....
#...#..#.#.##@w### #.#
#.....
#...##.#.#.##Z5....#.#
#..โ‰ˆโ‰ˆ. #...#
...#.##......#.#
#.<... #...
#..#.###.##.##.#
#...#. ...#.. .. .##.#
#..... #.#.### #..#
##.# ..... #.#.##.
.... #..# #.##.####.##
# ##.....# #.#


You could see Gastronok, a crimson imp and a bullfrog skeleton.

Vanquished Creatures
  Pikel (D:6)
  Sigmund (D:5)
  Edmund (D:6)
  An orc warrior (D:7)
  2 phantoms
  2 ice beasts
  A slave (D:6)
  A centaur (D:7)
  2 ogres
  Blork the orc (D:5)
  3 bullfrogs
  A scorpion (D:4)
  6 killer bees (D:7)
  A crimson imp (D:7)
  3 orc priests
  A jelly (D:7)
  3 orc wizards
  A bullfrog skeleton (D:8)
  2 iguanas
  A worker ant (D:7)
  A worker ant zombie (D:7)
  8 gnolls
  A howler monkey skeleton (D:5)
  7 adders
  2 shadow imps
  An ooze (D:1)
  An adder zombie (D:7)
  A worm (D:2)
  A dart slug (D:1)
  5 leopard geckos
  20 orcs
  7 giant cockroaches
  10 goblins
  4 hobgoblins
  5 jackals
  6 kobolds
  4 quokkas
  6 bats
  9 frilled lizards
  A giant cockroach zombie (D:5)
  2 jackal skeletons (D:7)
  A quokka zombie (D:5)
  9 rats
147 creatures vanquished.

Notes
Turn   | Place    | Note
-------+----------+-------------------------------------------
     0 | D:1      | Fang the Gargoyle Berserker began the quest for the Orb.
     0 | D:1      | Reached XP level 1. HP: 14/14 MP: 1/1
    22 | D:1      | Reached XP level 2. HP: 14/19 MP: 2/2
   335 | D:1      | Reached XP level 3. HP: 22/23 MP: 3/3
   416 | D:1      | Reached ** piety under Trog
   822 | D:2      | Found a burning altar of Makhleb.
  1044 | D:2      | Found a faded altar of an unknown god.
  1149 | D:2      | Reached XP level 4. HP: 27/29 MP: 4/4
  1633 | D:3      | Noticed an ice beast
  1692 | D:3      | Found a white marble altar of Elyvilon.
  1886 | D:3      | Reached XP level 5. HP: 17/33 MP: 5/5
  2172 | D:3      | Killed an ice beast
  2172 | D:3      | Reached XP level 6. HP: 39/39 MP: 6/6
  2564 | D:4      | Reached *** piety under Trog
  2611 | D:4      | Found a blossoming altar of Fedhas.
  2630 | D:4      | Reached skill level 5 in Fighting
  2704 | D:4      | Reached XP level 7. HP: 40/44 MP: 7/7
  2724 | D:4      | Found a staircase to the Ecumenical Temple.
  2739 | Temple   | Entered the Ecumenical Temple
  3325 | D:5      | Entered Level 5 of the Dungeon
  3382 | D:5      | Noticed Sigmund
  3409 | D:5      | Killed Sigmund
  3472 | D:5      | Noticed Blork the orc
  3483 | D:5      | Killed Blork the orc
  3483 | D:5      | Reached skill level 5 in Armour
  3625 | D:5      | Found a shadowy altar of Dithmenos.
  3650 | D:5      | Found Fozesm's Magic Scroll Shop.
  3920 | D:6      | Received a gift from Trog
  3953 | D:6      | Noticed Edmund
  3976 | D:6      | Killed Edmund
  3976 | D:6      | Reached XP level 8. HP: 51/51 MP: 8/8
  4263 | D:6      | Reached skill level 5 in Axes
  4466 | D:6      | Noticed Pikel
  4481 | D:6      | Killed Pikel
  4598 | D:7      | Reached XP level 9. HP: 24/56 MP: 9/9
  4983 | D:7      | Found Redacs's General Store.
  5055 | D:7      | Found a stormy altar of Qazlal.
  5091 | D:7      | Reached skill level 5 in Dodging
  5187 | D:7      | Found a hazy altar of Hepliaklqana.
  5196 | D:7      | Found an ornate altar of the Wu Jian Council.
  5312 | D:7      | Found a sacrificial altar of Ru.
  6131 | D:8      | Noticed Gastronok
  6140 | D:8      | Killed from afar by Gastronok

Skill      XL: |  1  2  3  4  5  6  7  8  9 |
---------------+----------------------------+-----
Axes           | 3 4 5 6 |  6.4
Dodging        | 2 3 4 5 |  5.5
Armour         | 3 4 5 6 7 |  7.3
Fighting       | 4 5 6 7 |  7.7

Action                   |  1- 3 |  4- 6 |  7- 9 || total
-------------------------+-------+-------+-------++-------
Melee: Hand axe          |   112 |    33 |       ||   145
       War axe           |       |   109 |   306 ||   415
Invok: Berserk           |     2 |     3 |     5 ||    10
  Use: Scroll            |       |       |    16 ||    16
 Stab: Distracted        |     1 |       |       ||     1
  Eat: Chunk             |     3 |     8 |    11 ||    22
       Ration            |       |       |     1 ||     1
Armor: Animal skin       |    42 |    19 |       ||    61
       Plate armour      |       |    68 |   246 ||   314
Dodge: Dodged            |    74 |    96 |   173 ||   343
